 Dungeon Crawl Stone Soup version 0.29-a0-414-g5075937ec3 (webtiles) character file.

Game seed: 8304705367571030194

32 exilicon the Conjurer (level 3, -2/27 HPs)
             Began as a Draconian Conjurer on May 15, 2022.
             Slain by a black bear (4 damage)
             ... on level 1 of the Dungeon.
             The game lasted 00:02:28 (1830 turns).

exilicon the Conjurer (Draconian Conjurer)          Turns: 1830, Time: 00:02:29

Health: -2/27      AC:  5    Str:  9    XL:     3   Next: 8%
Magic:  6/6        EV: 12    Int: 20    God:
Gold:   82         SH:  0    Dex:  9    Spells: 5/6 levels left

rFire   . . .      SeeInvis .   c - +0 dagger
rCold   . . .      Faith    .   (no shield)
rNeg    . . .      Spirit   .   (body armour unavailable)
rPois   .          Reflect  .   (helmet restricted)
rElec   .          Harm     .   (no cloak)
rCorr   .          Rampage  .   (no gloves)
Will    .....                   (no boots)
Stlth   ++........              (no amulet)
HPRegen 0.09/turn               (no ring)
MPRegen 0.10/turn               (no ring)

@: no status effects
A: AC +5, unfitting armour, cold-blooded
a: no special abilities


You were on level 1 of the Dungeon.
You visited 1 branch of the dungeon, and saw 2 of its levels.

You collected 82 gold pieces.

Inventory:

Hand Weapons
 c - a +0 dagger (weapon)
Scrolls
 d - 2 scrolls of identify {unknown}
 e - a scroll of vulnerability {unknown}
 i - a scroll of blinking {unknown}
 j - a scroll of enchant armour {unknown}
Potions
 a - 2 potions of magic
 b - a potion of brilliance {unknown}
 f - a potion of heal wounds {unknown}
 g - a potion of invisibility {unknown}
 h - a potion of curing {unknown}


   Skills:
 + Level 0.3 Fighting
 - Level 1.8 Dodging
 * Level 2.3 Stealth
 - Level 2.1 Spellcasting
 - Level 4.5 Conjurations


You had 5 spell levels left.
You knew the following spells:

 Your Spells              Type           Power      Damage    Failure   Level
a - Magic Dart            Conj           80%        1d7       2%          1

Your spell library contained the following spells:

 Spells                   Type           Power      Damage    Failure   Level
 Searing Ray              Conj           40%        2d5       3%          2
 Dazzling Flash           Conj/Hex       22%        N/A       19%         3
 Frozen Ramparts          Ice            4%         1d2       43%         3
 Fulminant Prism          Conj/Hex       5%         3d7       52%         4
 Iskenderun's Mystic Bla  Conj/Tloc      11%        2d4       52%         4
 Ice Form                 Ice/Tmut       2%         N/A       83%         4
 Summon Ice Beast         Ice/Summ       2%         N/A       83%         4


Dungeon Overview and Level Annotations

Branches:
Dungeon (2/15)

Altars:


Innate Abilities, Weirdness & Mutations

Your plain brown scales are hard. (AC +5)
You cannot fit into any form of body armour.
You are cold-blooded and may be slowed by cold attacks.


Message History

The black bear barely misses you.
The black bear attacks as you move away!
The black bear bites you. The black bear closely misses you.
The black bear misses you.
The black bear attacks as you move away!
The black bear completely misses you. The black bear barely misses you.
The black bear closely misses you.
The black bear attacks as you move away!
The black bear bites you!
The black bear claws you but does no damage.
The black bear claws you.
* * * LOW HITPOINT WARNING * * *
The black bear attacks as you move away!
The black bear bites you but does no damage.
The black bear closely misses you. The black bear barely misses you.
The black bear attacks as you move away!
The black bear bites you but does no damage.
The black bear misses you. The black bear closely misses you.
The black bear attacks as you move away!
The black bear bites you but does no damage.
The black bear claws you.
* * * LOW HITPOINT WARNING * * *
The black bear claws you but does no damage.
The black bear attacks as you move away!
The black bear barely misses you.
The black bear claws you but does no damage.
The black bear claws you.
* * * LOW HITPOINT WARNING * * *
The black bear attacks as you move away!
The black bear closely misses you. The black bear barely misses you.
The black bear misses you.
The black bear attacks as you move away!
The black bear barely misses you. x2; The black bear claws you.
* * * LOW HITPOINT WARNING * * *
The black bear attacks as you move away!
The black bear misses you. The black bear barely misses you.
The black bear claws you but does no damage.
The black bear attacks as you move away!
The black bear barely misses you. The black bear claws you.
You die...

#.# #.# #.######## ########
#.#......# #......#
#.#.####.########.####.#
#####.#.#..#.##.....#.# #.#
......#.#..#.##.###.#.####.#####
.######....#.##.###.#..........##
...............h@...............>
.##.###.#..##.#.###.#..........##
......#.........###.#..........#
#####...............#..........#
................#####..........#
.#####...........#.........[...#
.#.###.....#................####
.#.............)............#
.#.##.......................#


You could see a black bear.

Vanquished Creatures
  2 dart slugs (D:1)
  2 ball pythons
  3 bats (D:1)
  A giant cockroach (D:1)
  4 goblins
  3 hobgoblins
  3 jackals (D:1)
  A quokka (D:1)
  5 rats
24 creatures vanquished.

Notes
Turn   | Place    | Note
-------+----------+-------------------------------------------
     0 | D:1      | exilicon the Draconian Conjurer began the quest for the
                  | Orb.
     0 | D:1      | Reached XP level 1. HP: 14/14 MP: 3/3
   214 | D:1      | Reached XP level 2. HP: 12/20 MP: 5/5
   510 | D:1      | Found a faded altar of an unknown god.
  1398 | D:2      | Reached XP level 3. HP: 14/26 MP: 4/6
  1587 | D:2      | Noticed a black bear
  1819 | D:1      | HP: 1/27 [black bear (4)]
  1830 | D:1      | Slain by a black bear

Illustrated notes

Levels and vault maps discovered:
D:1:      dpeg_arrival_pits, layout_basic, shapermc_ecumenical_altar_gd,
          dreamdust_mushroom_princess
D:2:      layout_basic, minmay_pentomino_pile

Skill      XL: |  1  2 |
---------------+-------+-----
Stealth        | 2 |  2.3
Fighting       | |  0.3
Dodging        | |  1.8
Spellcasting   | |  2.1
Conjurations   | |  4.5

Action                   || total
-------------------------++-------
Melee: Dagger            ||   113
       Tailslap          ||    24
       Punch             ||     1
 Cast: Magic Dart        ||    14
Armor: Skin              ||    61
Dodge: Dodged            ||   108

Table legend: (Time is in decaauts)
 A = Elapsed time spent in this place.
 B = Non-inter-level travel time spent in this place.
 C = Inter-level travel time spent in this place.
 D = Time resting spent in this place.
 E = Time spent auto-exploring this place.
 F = Levels seen in this place.
 G = Mean time per level.
                   A        B        C        D        E       F      G
               +--------+--------+--------+--------+--------+-----+--------+
         Total |   1830 |   1786 |     44 |    500 |    963 |   2 |  915.0 |
       Dungeon |   1830 |   1786 |     44 |    500 |    963 |   2 |  915.0 |
               +--------+--------+--------+--------+--------+-----+--------+

Top non-repeatable levels by time:
     D:1: 1532 daAuts
     D:2: 298 daAuts
